 Dungeon Crawl Stone Soup version 0.30.0-13-g156ef70053 (webtiles) character file.

Game seed: 15396869587340822744

508 jagang the Firebug (level 6, -4/41 HPs)
             Began as a Demonspawn Fire Elementalist on May 17, 2023.
             Slain by an orc priest
             ... wielding a +0 trident
              (8 damage)
             ... on level 5 of the Dungeon.
             The game lasted 00:21:54 (5674 turns).

jagang the Firebug (Demonspawn Fire Elementalist)   Turns: 5674, Time: 00:21:59

Health: -4/41      AC:  6    Str:  9    XL:     6   Next: 98%
Magic:  1/10       EV: 13    Int: 18    God:
Gold:   30         SH:  0    Dex: 13    Spells: 8/11 levels left

rFire   . . .        h - staff of death
rCold   . . .        (no shield)
rNeg    + . .        a - +0 robe
rPois   .            x - +1 hat
rElec   .            z - +0 cloak
rCorr   .            (no gloves)
SInv    .            (no boots)
Will    .....        (no amulet)
Stlth   ++           m - ring of wizardry
HPRegen 0.26/turn    (no ring)
MPRegen 0.12/turn

%: wizardry (x1)
@: no status effects
A: claws 2, yellow scales 1, demonic guardian 1
a: no special abilities


You were on level 5 of the Dungeon.
You visited 1 branch of the dungeon, and saw 5 of its levels.

You collected 149 gold pieces.
You spent 119 gold pieces at shops.

Inventory:

Hand Weapons
 l - a +1 dagger of pain
 t - a +0 falchion of electrocution
Armour
 a - a +0 robe (worn)
 x - a +1 hat (worn)
 z - a +0 cloak (worn)
Magical Staves
 h - a staff of death (weapon)
Jewellery
 m - a ring of wizardry (left claw)
Wands
 k - a wand of flame (14)
 y - a wand of polymorph (3)
Scrolls
 e - 2 scrolls of teleportation
 f - a scroll of immolation {unknown}
 i - 2 scrolls of fear
 p - 3 scrolls of fog
 q - a scroll of amnesia {unknown}
 w - a scroll of torment {unknown}
 A - a scroll of identify
Potions
 b - a potion of magic
 c - a potion of resistance {unknown}
 d - 3 potions of might
 j - a potion of lignification
 n - a potion of cancellation
 o - a potion of ambrosia {unknown}
 r - a potion of brilliance {unknown}
 s - a potion of mutation {unknown}
 u - a potion of curing {unknown}
 v - a potion of flight {unknown}


   Skills:
 - Level 1.0 Armour
 + Level 3.1 Dodging
 - Level 1.7 Stealth
 + Level 3.2 Spellcasting
 * Level 4.1 Conjurations
 + Level 2.1 Necromancy
 + Level 4.1 Fire Magic


You had 8 spell levels left.
You knew the following spells:

 Your Spells              Type           Power      Damage    Failure   Level
a - Foxfire               Conj/Fire      68%        2x1d7     1%          1
b - Scorch                Fire           34%        2d6       1%          2

Your spell library contained the following spells:

 Spells                   Type           Power      Damage    Failure   Level
 Inner Flame              Hex/Fire       10%        N/A       9%          3
 Volatile Blastmotes      Fire/Tloc      20%        2d11      9%          3
 Flame Wave               Conj/Fire      17%        2d7       12%         4


Dungeon Overview and Level Annotations

Branches:
Dungeon (5/15)
 Temple: D:4-7

Altars:
Kikubaaqudgha
Makhleb
Qazlal
Trog

Shops:
D:4 [


Innate Abilities, Weirdness & Mutations

You have very sharp fingernails.
You are partially covered in yellow scales. (AC +2)
A weak demonic guardian rushes to your aid.


Message History

The orc is almost dead.
The orc priest begins to cast a cantrip, but forgets the words!
The orc hits you with a +0 war axe.
You are out of magic!
You hit the orc but do no damage.
The orc is almost dead.
The foxfire hits the orc.
You kill the orc!
Found a cloak.
The orc priest hits you with a +0 trident.
Things that are here:
a +0 war axe; a +2 ring mail of willpower You completely miss the orc priest.
The orc priest is heavily wounded.
The orc priest hits you with a +0 trident. x2
You hit the orc priest but do no damage.
The orc priest is heavily wounded.
The orc priest barely misses you.
The orc priest mumbles some strange prayers to Beogh against you.
Pain shoots through your body!
* * * LOW HITPOINT WARNING * * *
A demonic guardian appears!
The orc priest attacks as you move away!
The orc priest hits you but does no damage.
Something hits your quasit.
The orc priest invokes the aid of Beogh against you.
You are unaffected.
The orc priest closely misses you.
The orc priest mumbles some strange prayers to Beogh against you.
Beogh smites you!
* * * LOW HITPOINT WARNING * * *
A demonic guardian appears!
The orc priest closely misses you.
You hit the orc priest.
The orc priest is heavily wounded.
The orc priest completely misses you.
Your quasit bites the orc priest but does no damage.
Your quasit misses the orc priest.
Your quasit closely misses the orc priest.
The orc priest hits you with a +0 trident!
You die...

.... #.#..# #...#
......#..#.#...# ..
#..#.#..#.#...###
.[.................
...#..#.#..#.#...# ###.
.....)).)......<.##.....
......#.#.##.##.........
......#5#.##.#..........
......o@..##[..######.##
.....5#.#......# #
...............# #.##
#.....#.#.##.#.# #..#
..........##...# #...
......#.#.##.#.# +#...
...............# ##....
.....##..##...####.....
.... #..##.#.........⌠


You could see an orc priest (fast, ally target), a friendly quasit (summoned)
and a friendly shadow imp (summoned).

Vanquished Creatures
  An ogre (D:5)
  2 scorpions (D:5)
  A jelly (D:5)
  Crazy Yiuf (D:4)
  An iguana (D:4)
  An orc wizard (D:5)
  6 gnolls
  5 adders
  A worm (D:2)
  3 dart slugs
  2 orcs (D:5)
  3 bats
  7 endoplasms
  2 giant cockroaches
  12 goblins
  5 hobgoblins
  2 jackals (D:1)
  10 kobolds
  4 quokkas
  7 ball pythons
  A frilled lizard (D:3)
  8 rats
85 creatures vanquished.

Vanquished Creatures (collateral kills)
  3 foxfires (D:4)
3 creatures vanquished.

Vanquished Creatures (others)
  363 foxfires
363 creatures vanquished.

Grand Total: 451 creatures vanquished

Notes
Turn   | Place    | Note
-------+----------+-------------------------------------------
     0 | D:1      | jagang the Demonspawn Fire Elementalist began the quest for
                  | the Orb.
     0 | D:1      | Reached XP level 1. HP: 13/13 MP: 3/3
   198 | D:1      | Found a faded altar of an unknown god.
   336 | D:1      | Gained mutation: You are partially covered in yellow
                  | scales. (AC +2) [demonic ancestry]
   336 | D:1      | Reached XP level 2. HP: 14/19 MP: 0/5
  1401 | D:2      | Gained mutation: You have sharp fingernails. [demonic
                  | ancestry]
  1401 | D:2      | Reached XP level 3. HP: 24/24 MP: 0/6
  1746 | D:2      | Reached skill level 1 in Armour
  1897 | D:2      | Gained mutation: You have very sharp fingernails. [demonic
                  | ancestry]
  1897 | D:2      | Reached XP level 4. HP: 30/30 MP: 4/7
  2508 | D:3      | HP: 1/30 [gnoll/+0 flail (6)]
  3095 | D:3      | Reached XP level 5. HP: 35/35 MP: 4/8
  3524 | D:3      | Found a stormy altar of Qazlal.
  3524 | D:3      | Found a bloodstained altar of Trog.
  3564 | D:3      | Found an ancient bone altar of Kikubaaqudgha.
  4192 | D:4      | Found a burning altar of Makhleb.
  4766 | D:4      | Found Sytutz's Antique Armour Emporium.
  4772 | D:4      | Bought an embroidered hat for 119 gold pieces
  5015 | D:4      | Found a runed translucent door.
  5016 | D:4      | Noticed Crazy Yiuf
  5102 | D:4      | Killed Crazy Yiuf
  5103 | D:4      | Reached skill level 1 in Necromancy
  5166 | D:5      | Entered Level 5 of the Dungeon
  5172 | D:5      | Learned a level 2 spell: Scorch
  5225 | D:5      | Noticed an ogre
  5236 | D:5      | Killed an ogre
  5237 | D:5      | Gained mutation: A weak demonic guardian rushes to your
                  | aid. [demonic ancestry]
  5237 | D:5      | Reached XP level 6. HP: 19/41 MP: 1/10
  5674 | D:5      | Slain by an orc priest

Illustrated notes

Levels and vault maps discovered:
D:1:      kennysheep_arrival_forest, layout_loops_cross,
          ebering_ecumenical_altar_hall
D:2:      layout_loops_corners, grunt_decor_junction, minmay_goblin_kobold_house
D:3:      layout_loops_cross, general_overflow_altar,
          gammafunk_temple_overflow_statue
D:4:      layout_loops_corners, mainiacjoe_overflow_cross_hatched, serial_shops,
          shop, minmay_misc_feat_rows, uniq_crazy_yiuf_cottage
D:5:      layout_basic, temple_statues, minmay_pentangle

Skill      XL: |  1  2  3  4  5  6 |
---------------+-------------------+-----
Fire Magic     | 3 4 |  4.1
Dodging        | 2 3 |  3.1
Conjurations   | 2 3 4 |  4.1
Armour         | 1 |  1.0
Necromancy     | 1 2 |  2.1
Spellcasting   | 3 |  3.2
Stealth        | |  1.7

Action                     |  1- 3 |  4- 6 || total
---------------------------+-------+-------++-------
  Melee: Staff             |    27 |    28 ||    55
   Cast: Foxfire           |    80 |   158 ||   238
         Scorch            |       |     6 ||     6
    Use: Scroll            |       |     7 ||     7
         Potion            |       |     2 ||     2
   Stab: Sleeping          |     1 |       ||     1
 Armour: Robe              |    21 |    12 ||    33
  Dodge: Dodged            |    44 |    39 ||    83
